AoeStats
← 小桦

Arena

510083733Analyzed
4v4 RM · 4d ago on Sep 29, 2026· 30m 39s· 8 players
Game mode
Random Map
Map size
Large (8 player)
Population
200
Speed
Normal
Resources
Standard
Victory
Conquest
Starting age
Dark Age
Ending age
Imperial Age
RankedLock teamsTeams togetherTeam positionsShared explorationLock speedFull tech treeHidden civsTurbo modeCheats
Victory
Defeat
🇫🇷 Khmer · France
1462
+11
🇸🇬 Muisca · Singapore
1441
+12
🇨🇳 Persians · China
1440
+12
🇮🇳 Saxons · India
1420
+12
🇨🇳 Persians · China
1449
-16
🇹🇼 Danes · Taiwan
1365
-13
1307
-10
1252
-8
李天尊
10:48 Feudal Age
14:30 Castle Age
12:37 Double-Bit Axe
13:41 Horse Collar
15:47 Bow Saw
19:25 Wheelbarrow
19:59 Loom
22:02 Forging
22:48 Bloodlines
22:38 Husbandry
22:04 Light Cavalry
25:46 Heavy Plow
27:34 Hand Cart
28:11 Town Watch
29:19 Iron Casting
小桦
9:49 Feudal Age
13:55 Castle Age
12:18 Double-Bit Axe
12:15 Horse Collar
15:32 Wheelbarrow
15:55 Bow Saw
16:47 Loom
21:08 Heavy Plow
21:21 Gold Mining
21:21 Stone Mining
22:00 Stone Mining
23:21 Gold Shaft Mining
23:21 Stone Shaft Mining
24:11 Stone Shaft Mining
25:50 Scale Barding Armor
25:55 Forging
25:57 Bloodlines
25:47 Husbandry
26:25 Loom
29:44 Imperial Age
29:25 Chain Barding Armor
29:40 Iron Casting
30:05 Hand Cart
29:36 Town Watch
29:33 Cavalier
30:50 Plate Barding Armor
传奇耐电王汤恩伯
10:39 Feudal Age
12:06 Wheelbarrow
14:45 Castle Age
13:10 Double-Bit Axe
14:02 Horse Collar
19:07 Loom
魔鬼我在索马里
9:56 Feudal Age
14:10 Castle Age
12:36 Double-Bit Axe
13:03 Horse Collar
16:27 Loom
anirone7589
9:34 Feudal Age
13:15 Castle Age
11:59 Double-Bit Axe
13:09 Gold Mining
13:05 Town Watch
19:22 Sanctity
22:09 Redemption
28:21 Horse Collar
28:52 Bow Saw
29:30 Heavy Plow
RockAxe8716
10:35 Feudal Age
14:27 Castle Age
13:16 Double-Bit Axe
13:15 Horse Collar
13:55 Loom
15:58 Bow Saw
17:34 Fletching
18:48 Scale Mail Armor
21:01 Chain Mail Armor
23:36 Heavy Plow
25:09 Forging
25:34 Bodkin Arrow
27:51 Wheelbarrow
27:35 Guard Tower
31:04 Town Watch
Tournevis à clou
12:23 Feudal Age
15:17 Castle Age
13:05 Double-Bit Axe
13:12 Horse Collar
25:01 Wheelbarrow
24:12 Town Watch
24:12 Loom
25:31 Gold Mining
25:32 Stone Mining
27:23 Forging
27:19 Scale Barding Armor
30:44 Imperial Age
28:57 Tusk Swords
28:59 Husbandry
29:10 Bloodlines
30:06 Iron Casting
29:51 Chain Barding Armor
姬七兮
11:16 Feudal Age
11:55 Double-Bit Axe
12:14 Loom
15:11 Castle Age
13:02 Horse Collar
18:46 Bow Saw
19:42 Town Watch
20:40 Wheelbarrow
27:16 Imperial Age
25:37 Bloodlines
25:27 Husbandry
25:49 Scale Barding Armor
25:45 Gold Mining
26:57 Chain Barding Armor
26:47 Forging
27:24 Cavalier
28:43 Plate Barding Armor
29:31 Coinage
29:55 Forging
30:08 Conscription
31:38 Iron Casting
Connection lost

Rejoining the realm…

Still unreachable

The connection could not be restored.

Session expired

The server has moved on; the page needs a fresh start.